 Dungeon Crawl Stone Soup version 0.26.1-11-gd32895ea62 (webtiles) character file.

Game seed: 7478385653363630136

3089 porpoise the Slinger (level 10, -1/69 HPs)
             Began as a Halfling Hunter on Apr 24, 2021.
             Was a Believer of Okawaru.
             Killed from afar by a gargoyle (20 damage)
             ... with a stone arrow
             ... on level 8 of the Dungeon on Apr 25, 2021.
             The game lasted 00:22:48 (9139 turns).

porpoise the Slinger (Halfling Hunter)              Turns: 9139, Time: 00:22:49

Health: -1/69      AC: 10    Str: 16    XL:     10   Next: 13%
Magic:  12/12      EV: 16    Int:  9    God:    Okawaru [**....]
Gold:   445        SH:  0    Dex: 16    Spells: 9/9 levels left

rFire    . . .     SeeInvis .   a - +2 whip (elec)
rCold    . . .     Faith    .   (shield restricted)
rNeg     . . .     Spirit   .   u - +2 ring mail {Will+}
rPois    +         Reflect  .   (no helmet)
rElec    .         Harm     .   (no cloak)
rCorr    .         Rampage  .   B - +1 pair of gloves
Will     +....                  (no boots)
Stlth    +.........             (no amulet)
HPRegen  0.21/turn              e - ring of flight
MPRegen  0.13/turn              h - ring of poison resistance

@: no status effects
A: small, mutation resistance 1
a: Renounce Religion, Evoke Flight, Heroism


You were on level 8 of the Dungeon.
You worshipped Okawaru.
Okawaru was pleased with you.
You visited 2 branches of the dungeon, and saw 9 of its levels.
You also visited: Ossuary.

You collected 577 gold pieces.
You spent 132 gold pieces at shops.

Inventory:

Hand Weapons
 a - a +2 whip of electrocution (weapon)
 b - a +1 hunting sling
 q - a +3 trident
Missiles
 d - 6 sling bullets
 g - 204 stones
 j - a throwing net
 k - 36 poisoned darts
Armour
 u - a +2 ring mail of willpower (worn)
 B - a +1 pair of gloves (worn)
Jewellery
 e - a ring of flight (left hand)
 h - a ring of poison resistance (right hand)
 D - an uncursed amulet of magic regeneration
Wands
 x - a wand of flame (8)
Scrolls
 c - 4 scrolls of remove curse
 f - 2 scrolls of amnesia
 l - a scroll of teleportation
 t - 2 scrolls of noise {unknown}
 y - a scroll of fog
 C - a scroll of fear
Potions
 i - a potion of ambrosia
 m - 4 potions of lignification
 n - a potion of magic
 o - 2 potions of attraction
 p - 3 potions of brilliance
 r - 2 potions of heal wounds
 s - a potion of cancellation
 v - 3 potions of might
 w - a potion of resistance {unknown}
 z - 2 potions of invisibility {unknown}
 A - a potion of experience {unknown}
 E - 3 potions of curing


   Skills:
 + Level 6.3 Fighting
 - Level 12.0 Slings
 - Level 5.0 Armour
 - Level 5.1 Dodging
 - Level 1.1 Stealth
 + Level 3.3 Invocations
 - Level 5.0 Evocations


You had 9 spell levels left.
You didn't know any spells.
Your spell library contained the following spells:

 Spells                   Type           Power        Failure   Level
 Beastly Appendage        Tmut           0%           58%         1
 Wereblood                Tmut           0%           73%         2
 Confusing Touch          Hex            0%           91%         3
 Gell's Gravitas          Tloc           0%           91%         3
 Spider Form              Tmut/Pois      0%           91%         3
 Ice Form                 Ice/Tmut       0%           100%        4
 Petrify                  Tmut/Erth      0%           100%        4
 Blade Hands              Tmut           0%           100%        5
 Metabolic Englaciation   Hex/Ice        0%           100%        5
 Yara's Violent Unravell  Hex/Tmut       0%           100%        5


Dungeon Overview and Level Annotations

Branches:
Dungeon (8/15)             Temple (1/1) D:4         Ossuary (visited)
   Lair: D:8-11

Altars:
Ashenzari
Cheibriados
Dithmenos
Elyvilon
Fedhas
Gozag
Hepliaklqana
Kikubaaqudgha
Nemelex Xobeh
Okawaru
Qazlal
Ru
Sif Muna
Trog
Uskayaw
Vehumet
Wu Jian
Xom
Yredelemnul
Zin
The Shining One

Shops:
D:5 :   D:7 !


Innate Abilities, Weirdness & Mutations

You are small and have problems with some larger weapons.
You are somewhat resistant to further mutation.


Message History

Found 19 gold pieces.
The gargoyle hurls a stone arrow at you.
The stone arrow hits you!
There is an open door here.
You hit the gargoyle but do no damage.
The gargoyle hurls a stone arrow at you.
The stone arrow hits you!!
You hit the gargoyle but do no damage. The gargoyle hits you with a +0 flail.
You hit the gargoyle but do no damage.
The gargoyle hurls a stone arrow at you.
The stone arrow hits you!
* * * LOW HITPOINT WARNING * * *
You closely miss the gargoyle. The gargoyle barely misses you.
You hit the gargoyle but do no damage. The gargoyle closely misses you.
You hit the gargoyle but do no damage. The gargoyle closely misses you.
You hit the gargoyle but do no damage. The gargoyle closely misses you.
You barely miss the gargoyle.
The gargoyle hurls a stone arrow at you.
The stone arrow hits you!!
You die...

# ## ##. #.. #... ##<.
..... ##..# ## ##....
##.>.# ###9###(# #..
#...## #.##@.)##
#..###...# ###).....+#
#..#...## #.#.......#
#......#
##'.......+##.....##
#.)..8....##.#...#
#'.......+##.#...###
#8#.......# #.......#
###'.....+###..###..?.
#8##...## #...# ###.


You could see a gargoyle.

Vanquished Creatures
  3 gargoyles (D:8)
  3 phantoms
  A necrophage (D:7)
  3 centaurs
  An ogre (D:7)
  6 bullfrogs
  2 scorpions
  3 wights (D:7)
  3 howler monkeys
  3 hounds
  A centaur zombie (Ossuary)
  4 orc priests
  3 orc wizards
  A gnoll shaman (D:4)
  Natasha (thrice) (D:4)
  2 worker ants
  A big kobold zombie (Ossuary)
  2 mummies (Ossuary)
  A hound zombie (D:5)
  A worker ant zombie (D:7)
  7 gnolls (D:4)
  8 adders
  A shadow imp (D:3)
  An ooze (D:1)
  5 worms
  4 dart slugs
  2 leopard geckos
  16 orcs
  4 bats (D:1)
  A giant cockroach (D:3)
  A gnoll zombie (Ossuary)
  11 goblins
  9 hobgoblins
  4 jackals
  4 quokkas
  2 ball pythons
  4 frilled lizards
  5 goblin zombies (Ossuary)
  3 hobgoblin zombies (Ossuary)
  17 kobolds
  3 orc zombies (Ossuary)
  13 rats
172 creatures vanquished.

Vanquished Creatures (others)
  A plant (D:4)
1 creature vanquished.

Grand Total: 173 creatures vanquished

Notes
Turn   | Place    | Note
-------+----------+-------------------------------------------
     0 | D:1      | porpoise the Halfling Hunter began the quest for the Orb.
     0 | D:1      | Reached XP level 1. HP: 14/14 MP: 1/1
   150 | D:1      | Reached skill level 6 in Slings
   324 | D:1      | Reached XP level 2. HP: 19/19 MP: 2/2
   672 | D:1      | Reached XP level 3. HP: 25/25 MP: 3/3
  1116 | D:2      | Reached XP level 4. HP: 30/30 MP: 4/4
  1262 | D:2      | Found an opulent altar of Gozag.
  1284 | D:2      | Reached skill level 7 in Slings
  1338 | D:2      | Found a sparkling altar of Nemelex Xobeh.
  1845 | D:3      | Reached XP level 5. HP: 29/36 MP: 5/5
  2201 | D:3      | Reached skill level 8 in Slings
  2201 | D:3      | Reached XP level 6. HP: 29/43 MP: 6/6
  2519 | D:3      | Found a bloodstained altar of Trog.
  2862 | D:4      | Noticed Natasha
  2864 | D:4      | Killed Natasha
  2954 | D:4      | Noticed Natasha
  2963 | D:4      | Killed Natasha
  2969 | D:4      | Noticed Natasha
  2978 | D:4      | Killed Natasha
  3035 | D:4      | Reached XP level 7. HP: 49/49 MP: 7/7
  3036 | D:4      | Reached skill level 9 in Slings
  3335 | D:4      | Reached skill level 5 in Fighting
  3404 | D:4      | HP: 2/50 [gnoll/+0 flail (8)]
  3843 | D:4      | Found a shimmering blue altar of Sif Muna.
  3895 | D:4      | Found a staircase to the Ecumenical Temple.
  3902 | Temple   | Entered the Ecumenical Temple
  4229 | D:5      | Entered Level 5 of the Dungeon
  4330 | D:5      | Found a sand-covered staircase.
  4341 | Ossuary  | Entered an ossuary
  4892 | D:5      | Reached skill level 10 in Slings
  4892 | D:5      | Reached XP level 8. HP: 47/55 MP: 8/8
  5310 | D:5      | Found Gits's Book Shop.
  5440 | D:5      | Found a blossoming altar of Fedhas.
  5440 | D:5      | Found a hide-covered altar of Uskayaw.
  6102 | D:6      | Reached skill level 11 in Slings
  6102 | D:6      | Reached skill level 5 in Dodging
  6321 | D:6      | Reached skill level 1 in Armour
  6346 | D:6      | Found a radiant altar of Vehumet.
  6926 | D:6      | Reached XP level 9. HP: 61/61 MP: 9/9
  7269 | D:7      | Reached skill level 12 in Slings
  7325 | D:7      | Found an iron altar of Okawaru.
  7330 | D:7      | Became a worshipper of Warmaster Okawaru
  7358 | D:7      | Reached skill level 1 in Evocations
  7554 | D:7      | Found a basalt altar of Yredelemnul.
  7805 | D:7      | Found Olidarghe's Distillery.
  7812 | D:7      | Bought 2 potions of curing for 72 gold pieces
  7812 | D:7      | Bought a potion of heal wounds for 60 gold pieces
  7890 | D:7      | Reached skill level 5 in Armour
  8106 | D:7      | Reached * piety under Okawaru
  8325 | D:8      | Noticed a gargoyle
  8355 | D:8      | Killed a gargoyle
  8356 | D:8      | Reached skill level 5 in Evocations
  8594 | D:8      | Noticed a gargoyle
  8616 | D:8      | Killed a gargoyle
  8616 | D:8      | Reached ** piety under Okawaru
  8617 | D:8      | Reached XP level 10. HP: 17/68 MP: 9/11
  8869 | D:8      | Noticed a gargoyle
  8883 | D:8      | Killed a gargoyle
  9130 | D:8      | Noticed a gargoyle
  9139 | D:8      | Killed from afar by a gargoyle

Illustrated notes

Levels and vault maps discovered:
D:1:      psy_arrival_radial01, layout_loops_ring
D:2:      layout_basic, nemelex_altar_shiori, grunt_gozag_statues
D:3:      layout_rooms, bloody_trog
D:4:      layout_rooms, lemuel_doored_altar, minmay_temple_entry_gardened_gates,
          serial_bayou_lagoon_b, uniq_natasha
D:5:      layout_basic, gammafunk_temple_overflow_elements,
          lightli_ossuary_entry_decrepit_ruins, serial_shops, kennysheep_mini
D:6:      layout_basic, vehumet_altar_wand_db
D:7:      layout_basic, kennysheep_little_box, basic_altar, serial_shops, shop
D:8:      cheibrodos_statue_roulette, layout_cave_pods, general_overflow_altar,
          lemuel_coloured_pillars_altar, enter_bailey_2, serial_shops, shop
Temple:   dshaligram_water_room_temple

Skill      XL: |  1  2  3  4  5  6  7  8  9 10 |
---------------+-------------------------------+-----
Fighting       | 2 3 4 5 6 |  6.3
Slings         | 6 7 8 10 11 12 | 12.0
Dodging        | 3 5 |  5.1
Armour         | 3 5 |  5.0
Evocations     | 5 |  5.0
Invocations    | 2 3 |  3.3
Stealth        | |  1.1

Action                   |  1- 3 |  4- 6 |  7- 9 | 10-12 || total
-------------------------+-------+-------+-------+-------++-------
Melee: Short sword       |     7 |       |       |       ||     7
       Trident           |       |       |     3 |       ||     3
       Whip              |       |       |    19 |    21 ||    40
 Fire: Hunting sling     |    76 |   254 |   529 |       ||   859
Evoke: Wand              |       |       |     6 |       ||     6
  Use: Scroll            |       |     6 |    10 |       ||    16
Armor: Leather armour    |     3 |       |       |       ||     3
       Ring mail         |     2 |    16 |    16 |     1 ||    35
       Scale mail        |       |     9 |    26 |       ||    35
Dodge: Dodged            |    13 |    47 |   110 |    12 ||   182
